AoeStats
← Dogga

Arabian Desert

510285906Analyzed
1v1 RM · 19h ago on Sep 30, 2026· 36m 53s· 2 players
Game mode
Random Map
Map size
Tiny (2 player)
Population
200
Speed
Normal
Resources
Standard
Victory
Conquest
Starting age
Dark Age
Ending age
Imperial Age
RankedLock teamsTeams togetherTeam positionsShared explorationLock speedFull tech treeHidden civsTurbo modeCheats
Victory
Defeat
🇦🇺 Portuguese · Australia
968
+17
🇹🇼 Shu · Taiwan
989
-17
Dogga
6:12 Loom
11:00 Feudal Age
20:23 Castle Age
24:32 Fletching
35:03 Double-Bit Axe
36:00 Scale Barding Armor
pokemonmastersoji
6:34 Loom
10:12 Feudal Age
15:25 Fletching
23:13 Castle Age
21:42 Double-Bit Axe
22:04 Padded Archer Armor
23:56 Bodkin Arrow
25:05 Crossbowman
27:54 Ballistics
Connection lost

Rejoining the realm…

Still unreachable

The connection could not be restored.

Session expired

The server has moved on; the page needs a fresh start.